 Dungeon Crawl Stone Soup version 0.32-a0-909-gc671339a80 (webtiles) character file.

Game seed: 17976356215970955365

147 Daunt the Shooter (level 5, 0/38 HPs)
             Began as a Coglin Hunter on Apr 7, 2024.
             Slain by Pargi (1 damage)
             ... in a sewer.
             The game lasted 00:05:58 (1280 turns).

Daunt the Shooter (Coglin Hunter)                   Turns: 1280, Time: 00:05:58

Health: 0/38       AC:  3    Str: 11    XL:     5   Next: 29%
Magic:  5/5        EV: 11    Int:  8    God:
Gold:   50         SH:  0    Dex: 20    Spells: 4/4 levels left

rFire   . . .        a - +2 sling {Gurmehar}
rCold   . . .        d - +0 sling {Kun}
rNeg    . . .        c - +0 leather armour
rPois   .            (no helmet)
rElec   .            (no cloak)
rCorr   .            (no gloves)
SInv    .            (no boots)
Will    .....        (amulet unavailable)
Stlth   ++           (ring unavailable)
HPRegen 0.26/turn    (ring unavailable)
MPRegen 0.09/turn    (no gizmo)

%: no passive effects
@: revved
A: off-hand wielding, slow wielding, warmup strikes, no jewellery
a: Invent Gizmo


You were in a sewer.
You visited 1 branch of the dungeon, and saw 3 of its levels.
You also visited: Sewer.

You collected 50 gold pieces.

Inventory:

Hand Weapons
 a - a +2 sling (weapon) {Gurmehar}
 d - a +0 sling (offhand) {Kun}
Missiles
 g - 13 stones
 l - 6 poisoned darts
Armour
 c - a +0 leather armour (worn)
Scrolls
 b - a scroll of butterflies
 e - a scroll of silence {unknown}
 f - 2 scrolls of identify {unknown}
 h - a scroll of vulnerability {unknown}
 j - a scroll of poison {unknown}
Potions
 i - a potion of degeneration {unknown}
 k - a potion of attraction {unknown}
 m - 2 potions of heal wounds {unknown}


   Skills:
 - Level 2.0 Fighting
 * Level 5.8 Ranged Weapons
 - Level 1.7 Dodging
 - Level 0.7 Stealth


You had 4 spell levels left.
You didn't know any spells.
Your spell library was empty.

Dungeon Overview and Level Annotations

Branches:
Dungeon (3/15)              Sewer (1/1)

Altars:

Annotations:
Sewer Pargi


Innate Abilities, Weirdness & Mutations

You can wield a second weapon in your off-hand.
It takes a long time for you to wield or remove held weapons.
Your first few attacks do less damage.
You cannot equip rings or amulets.


Message History

Press: ? - help, Q - select action, (/) - cycle Shift-Dir - straight line, f/p - Pargi
Aim: Pargi (heavily wounded, poisoned, 59% to hit)
You shoot a sling bullet.
The sling bullet completely misses Pargi.
You shoot a sling bullet. The sling bullet hits Pargi.
Pargi is severely wounded.
Pargi barely misses you. x2; Pargi claws you but does no damage.
Fire: a) +2 sling {Gurmehar}
Press: ? - help, Q - select action, (/) - cycle Shift-Dir - straight line, f/p - Pargi
Aim: Pargi (severely wounded, poisoned, 59% to hit)
You shoot a sling bullet. The sling bullet closely misses Pargi.
You shoot a sling bullet.
The sling bullet hits Pargi but does no damage.
Pargi is severely wounded.
Pargi barely misses you. Pargi closely misses you. Pargi claws you.
Fire: a) +2 sling {Gurmehar}
Press: ? - help, Q - select action, (/) - cycle Shift-Dir - straight line, f/p - Pargi
Aim: Pargi (severely wounded, poisoned, 59% to hit)
You shoot a sling bullet. The sling bullet barely misses Pargi.
You shoot a sling bullet. The sling bullet barely misses Pargi.
Pargi bites you.
* * * LOW HITPOINT WARNING * * *
Pargi claws you.
* * * LOW HITPOINT WARNING * * *
Pargi claws you.
* * * LOW HITPOINT WARNING * * *
Pargi misses you. Pargi claws you but does no damage. Pargi claws you.
* * * LOW HITPOINT WARNING * * *
Unknown command.
Fire: a) +2 sling {Gurmehar}
Press: ? - help, Q - select action, (/) - cycle Shift-Dir - straight line, f/p - Pargi
Aim: Pargi (heavily wounded, poisoned, 59% to hit)
You shoot a sling bullet. The sling bullet barely misses Pargi.
You shoot a sling bullet. The sling bullet hits Pargi!
Pargi is severely wounded.
Pargi looks more healthy.
Pargi barely misses you. Pargi closely misses you. Pargi claws you.
You die...

#.~≈~.#
#.~≈~.####
+.~≈~.(($#
#.~≈~.#
#.~≈~.####
+)~≈~.'..#
#.~≈~.####
####.~≈~.####
#/.@T.∩....∩#
####.~≈~.####
####.~≈~.####
#..'.~≈~.').#
####.~≈†.####
####.~≈~.####
#..'.~≈~.'..#
####.~≈~.#.##
####.)≈~.#†##


You could see Pargi.

Vanquished Creatures
  A kobold brigand (Sewer)
  2 adders (Sewer)
  2 dart slugs
  4 endoplasms
  4 giant cockroaches
  3 goblins
  3 hobgoblins (D:1)
  6 quokkas
  7 ball pythons
  3 bats
  2 frilled lizards (D:2)
  8 kobolds
  5 rats
50 creatures vanquished.

Notes
Turn   | Place    | Note
-------+----------+-------------------------------------------
     0 | D:1      | Daunt the Coglin Hunter began the quest for the Orb.
     0 | D:1      | Reached XP level 1. HP: 16/16 MP: 1/1
    94 | D:1      | Reached skill level 4 in Ranged Weapons
    94 | D:1      | Reached XP level 2. HP: 21/22 MP: 2/2
   429 | D:1      | Reached XP level 3. HP: 27/27 MP: 3/3
  1101 | D:3      | Found a glowing drain.
  1110 | Sewer    | Entered a sewer
  1119 | Sewer    | Noticed Pargi
  1138 | Sewer    | Reached skill level 5 in Ranged Weapons
  1138 | Sewer    | Reached XP level 4. HP: 33/33 MP: 4/4
  1158 | Sewer    | Noticed a kobold brigand
  1178 | Sewer    | Killed a kobold brigand
  1179 | Sewer    | Reached XP level 5. HP: 38/38 MP: 5/5
  1279 | Sewer    | HP: 1/38 [Pargi (1)]
  1280 | Sewer    | Slain by Pargi

Illustrated notes

Levels and vault maps discovered:
D:1:      psy_arrival_spokes, layout_rooms, minmay_pentomino_q2
D:2:      layout_loops_ring
D:3:      layout_loops_cross, gup_sewer_entry_bowl, minmay_tree_intersection,
          grunt_ministairs_5, uniq_sigmund
Sewer:    kennysheep_door_sewer

Skill      XL: |  1  2  3 |
---------------+----------+-----
Ranged Weapons | 4 5 |  5.8
Fighting       | |  2.0
Dodging        | |  1.7
Stealth        | |  0.7

Action                     |  1- 3 |  4- 6 || total
---------------------------+-------+-------++-------
   Fire: Sling             |   160 |    60 ||   220
  Throw: Dart              |       |     5 ||     5
 Armour: Leather armour    |     6 |    20 ||    26
  Dodge: Dodged            |     9 |    19 ||    28

Table legend: (Time is in decaauts)
 A = Elapsed time spent in this place.
 B = Non-inter-level travel time spent in this place.
 C = Inter-level travel time spent in this place.
 D = Time resting spent in this place.
 E = Time spent auto-exploring this place.
 F = Levels seen in this place.
 G = Mean time per level.
                   A        B        C        D        E       F      G
               +--------+--------+--------+--------+--------+-----+--------+
         Total |   1308 |   1279 |     29 |     24 |    886 |   4 |  327.0 |
       Dungeon |   1130 |   1101 |     29 |      0 |    881 |   3 |  376.7 |
         Sewer |    177 |    177 |      0 |     24 |      5 |   1 |  177.0 |
               +--------+--------+--------+--------+--------+-----+--------+

Top non-repeatable levels by time:
     D:2: 525 daAuts
     D:1: 522 daAuts
   Sewer: 177 daAuts
     D:3: 83 daAuts
